[Event "Titled Tuesday Blitz April 25 Early 2023"]
[White "Kuzmin, Roman"]
[Black "Orujov2008"]
[WhiteFideId "44134932"]
[WhiteElo "2192"]
[BlackElo "2402"]
[Result "0-1"]
[Round "03"]
[TimeControl "180+2"]
[Date "2023.04.25"]
[WhiteClock "0:00:29"]
[BlackClock "0:00:07"]

1. e4 e5 2. Nf3 Nf6 3. Nxe5 Nxe4 4. Qe2 Qe7 5. Qxe4 d6 6. d4 dxe5 7. dxe5 Nc6 8. Bf4 g5 9. Bg3 f5 10. Qf3 f4 11. Bc4 Nxe5 12. Qh5+ Ng6+ 13. Kd1 Qd6+ 14. Nd2 fxg3 15. Re1+ Be7 16. hxg3 Bd7 17. Qxg5 O-O-O 18. Qe3 Bf6 19. Bd3 Kb8 20. Ne4 Qe7 21. Qd2 Bc6 22. f3 Ne5 23. Ke2 Bxe4 24. fxe4 Nxd3 25. cxd3 Rhf8 26. Rf1 Bd4 27. Rf3 Rxf3 28. gxf3 Rg8 29. Qf4 Be5 30. Qf5 Rxg3 31. f4 Bd4 32. Rh1 Rg2+ 33. Kf3 Rf2+ 34. Kg3 Qg7+ 35. Qg5 Qxg5+ 36. fxg5 Rf7 37. b3 Kc8 38. Rc1 Kd7 39. Kg4 Rg7 40. Rh1 Be3 41. Rh5 h6 42. Rxh6 Rxg5+ 43. Kf3 Rg3+ 44. Kxg3 Bxh6 45. d4 Bg7 46. d5 Kd6 47. Kf4 Be5+ 48. Ke3 Bg7 49. Kf4 b6 50. Kf5 a5 51. a4 Kc5 52. Ke6 Kb4 53. e5 Kxb3 54. d6 cxd6 55. exd6 Bh6 56. Kf5 Bf8 57. d7 Be7 58. Ke6 Bd8 59. Kd5 Kxa4 60. Kc6 b5 61. Kb7 b4 62. Kc8 Bh4 63. Kc7 b3 64. Kc8 b2 65. d8=Q Bxd8 66. Kd7 b1=Q 0-1


[Site "https://www.chess.com"]

[Event "Titled Tuesday Blitz April 25 Early 2023"]
[White "Kubicka, Anna"]
[Black "Tymrakiewicz, Rafal"]
[WhiteFideId "1152254"]
[BlackFideId "1108832"]
[WhiteElo "2144"]
[BlackElo "2151"]
[Result "1-0"]
[Round "03"]
[TimeControl "180+2"]
[Date "2023.04.25"]
[WhiteClock "0:00:11"]
[BlackClock "0:00:12"]

1. e4 Nf6 2. Nc3 d5 3. exd5 Nxd5 4. Nge2 Bg4 5. h3 Bh5 6. g4 Bg6 7. Bg2 c6 8. Nxd5 cxd5 9. Nf4 e6 10. Nxg6 hxg6 11. d4 Nc6 12. c3 Bd6 13. Qf3 Qf6 14. Qxf6 gxf6 15. h4 Ke7 16. Be3 Na5 17. b3 Rac8 18. Kd2 b5 19. Rac1 b4 20. cxb4 Bxb4+ 21. Kd3 Ba3 22. Rxc8 Rxc8 23. h5 gxh5 24. gxh5 Nc6 25. Bd2 Bb2 26. Bc3 Bxc3 27. Kxc3 Ne5+ 28. Kd2 Ng4 29. h6 Nxf2 30. Rh4 f5 31. h7 Rh8 32. Bf3 Ng4 33. Bxg4 fxg4 34. Ke3 Kf6 35. Kf4 Kg6 36. Rxg4+ Kf6 37. Rh4 Kg6 38. Ke5 Rxh7 39. Rxh7 Kxh7 40. Kf6 Kg8 41. b4 Kf8 42. a4 Ke8 43. b5 Kd7 44. Kxf7 Kd6 45. Kf6 Kd7 46. Ke5 Ke7 47. a5 Kd7 48. b6 axb6 49. axb6 Kc6 50. Kxe6 Kxb6 51. Kxd5 Kc7 52. Ke6 Kc6 53. d5+ Kc7 54. Ke7 1-0


[Site "https://www.chess.com"]

[Event "Titled Tuesday Blitz April 25 Early 2023"]
[White "Tarasova, Viktoriya"]
[Black "koncheto"]
[WhiteFideId "4175840"]
[WhiteElo "2182"]
[BlackElo "2502"]
[Result "0-1"]
[Round "03"]
[TimeControl "180+2"]
[Date "2023.04.25"]
[WhiteClock "0:00:20"]
[BlackClock "0:00:52"]

1. d4 Nf6 2. c4 e6 3. Nc3 c5 4. d5 exd5 5. cxd5 d6 6. Nf3 g6 7. Bf4 a6 8. a4 Qe7 9. h3 Bg7 10. e3 O-O 11. Nd2 Nbd7 12. Be2 Ne8 13. O-O f5 14. Qc2 Nc7 15. Rfe1 Ne5 16. Bh2 Bd7 17. a5 Bb5 18. Nxb5 axb5 19. Bf1 Nxd5 20. Bxb5 Nb4 21. Qb3+ Kh8 22. Red1 d5 23. Nf1 c4 24. Qa4 Ned3 25. b3 Nb2 26. Qa3 Nxd1 27. Rxd1 Qc5 28. bxc4 dxc4 29. Qa4 Nd3 30. Rxd3 cxd3 31. Bxd3 Rxa5 32. Qd7 Qd5 33. Qxd5 Rxd5 34. Bc4 Rc5 35. Be2 Be5 36. f4 Bf6 37. g4 b5 38. gxf5 gxf5 39. Kf2 b4 40. Nd2 Rc2 41. Nb3 Rc3 42. Na5 b3 43. Nxb3 Rxb3 0-1


[Site "https://www.chess.com"]

[Event "Titled Tuesday Blitz April 25 Early 2023"]
[White "Kalajzic, Ivan"]
[Black "Rios Escobar, Adan"]
[WhiteFideId "14506378"]
[BlackFideId "3403645"]
[WhiteElo "2203"]
[BlackElo "2485"]
[Result "0-1"]
[Round "03"]
[TimeControl "180+2"]
[Date "2023.04.25"]
[WhiteClock "0:00:43"]
[BlackClock "0:00:14"]

1. b3 Nf6 2. Bb2 d6 3. Bxf6 gxf6 4. c4 f5 5. Nc3 Bg7 6. e3 Nd7 7. g3 Nf6 8. Bg2 c6 9. Nge2 h5 10. h4 Ng4 11. d4 Qc7 12. Qd2 Bh6 13. Nd1 a5 14. f3 Nf6 15. Nf4 a4 16. b4 e5 17. Ne2 Be6 18. Rc1 Qe7 19. f4 Rg8 20. c5 Rd8 21. cxd6 Qd7 22. dxe5 Nd5 23. a3 f6 24. Kf2 fxe5 25. fxe5 Qg7 26. Bxd5 Bxd5 27. Rg1 Qxe5 28. Nf4 Rxd6 29. Qc3 Qe4 30. Qc5 Qf3+ 31. Ke1 Bxf4 32. exf4 Re6+ 33. Kd2 Re2# 0-1


[Site "https://www.chess.com"]

[Event "Titled Tuesday Blitz April 25 Early 2023"]
[White "Fernandez Siles, Luis"]
[Black "Karthik Sai Ch"]
[WhiteFideId "2209420"]
[BlackFideId "46649484"]
[WhiteElo "2195"]
[BlackElo "2003"]
[Result "0-1"]
[Round "03"]
[TimeControl "180+2"]
[Date "2023.04.25"]
[WhiteClock "0:00:05"]
[BlackClock "0:00:31"]

1. e4 c6 2. d4 d5 3. exd5 cxd5 4. c4 Nf6 5. Nc3 e6 6. Nf3 Bb4 7. cxd5 Nxd5 8. Bd2 O-O 9. Bd3 Be7 10. O-O b6 11. Qe2 Bb7 12. Qe4 g6 13. Bh6 Re8 14. Qg4 Nd7 15. Rad1 N7f6 16. Qh3 Nxc3 17. bxc3 Qd5 18. Ne5 Qxa2 19. Bc4 Qc2 20. Nxf7 Bd5 21. Bxd5 exd5 22. Ng5 Qf5 23. Qxf5 gxf5 24. f3 Rac8 25. Rd3 a5 26. Rb1 Rc6 27. Nh3 a4 28. Bf4 a3 29. Be5 a2 30. Ra1 Ra8 31. Nf4 Ra5 32. Rd2 Rxc3 33. Rdxa2 Rxa2 34. Rxa2 Rc4 35. Ra7 Kf8 36. Ne6+ Kf7 37. Ng5+ Ke8 38. h4 Nd7 39. Kh2 Nxe5 40. dxe5 Rxh4+ 41. Kg3 Bxg5 42. e6 f4+ 43. Kf2 Rh6 44. Rg7 Bh4+ 45. Ke2 Rxe6+ 46. Kd3 0-1


[Site "https://www.chess.com"]

[Event "Titled Tuesday Blitz April 25 Early 2023"]
[White "Baches Garcia, Guillermo"]
[Black "Rychkov, Roman"]
[WhiteFideId "2209764"]
[BlackFideId "30985595"]
[WhiteElo "2473"]
[BlackElo "1946"]
[Result "1/2-1/2"]
[Round "03"]
[TimeControl "180+2"]
[Date "2023.04.25"]
[WhiteClock "0:00:42"]
[BlackClock "0:00:38"]

1. e4 e5 2. Nf3 Nc6 3. Nc3 Nf6 4. d4 exd4 5. Nxd4 Bb4 6. Nxc6 bxc6 7. Bd3 d5 8. Bd2 O-O 9. O-O Re8 10. Nxd5 Bxd2 11. Nxf6+ Qxf6 12. Qxd2 Qxb2 13. f4 Qd4+ 14. Qf2 c5 15. e5 Rb8 16. Rad1 Qxf2+ 17. Kxf2 Rb2 18. Rb1 Rxa2 19. Ra1 Rb2 20. Rxa7 Bb7 21. Rfa1 Rb8 22. R7a2 Rb4 23. Ra4 Bd5 24. g3 g6 25. Ke3 Kf8 26. c4 Be6 27. Ra8 Ke7 28. Rxb8 Rxb8 29. Ra5 Kd7 30. Rxc5 Rb2 31. Be2 Rb3+ 32. Kd4 Rb2 33. Ke3 Rb3+ 34. Kd4 Rb2 35. Ke3 1/2-1/2


[Site "https://www.chess.com"]

[Event "Titled Tuesday Blitz April 25 Early 2023"]
[White "Foerster-Yialamas, Lucas"]
[Black "Todorovic, Bojan"]
[WhiteFideId "30901774"]
[BlackFideId "917087"]
[WhiteElo "2067"]
[BlackElo "2266"]
[Result "1/2-1/2"]
[Round "03"]
[TimeControl "180+2"]
[Date "2023.04.25"]
[WhiteClock "0:00:45"]
[BlackClock "0:00:17"]

1. c4 g6 2. e4 Bg7 3. d4 d6 4. f4 c5 5. d5 e6 6. Nf3 exd5 7. cxd5 a6 8. Nc3 Nf6 9. e5 dxe5 10. fxe5 Ng4 11. Bg5 Qb6 12. Qe2 O-O 13. d6 Be6 14. h3 Nh6 15. g4 Nc6 16. Bg2 Rae8 17. O-O Nd4 18. Nxd4 cxd4 19. Ne4 d3+ 20. Qf2 Qxf2+ 21. Rxf2 Bxg4 22. Bxh6 Bxh6 23. Nf6+ Kh8 24. Nxg4 Bg7 25. Bxb7 h5 26. Nf6 Rxe5 27. Nd7 Rg5+ 28. Rg2 Rxg2+ 29. Kxg2 Rd8 30. Bc6 Rc8 31. Bd5 Rd8 32. Nc5 Rxd6 33. Bxf7 Bxb2 34. Rd1 d2 35. Nb3 Bc3 36. Bc4 a5 37. a4 Kg7 38. Kf3 g5 39. Ke3 g4 40. hxg4 hxg4 41. Nxd2 g3 42. Bd3 g2 43. Ne4 Bd4+ 44. Kf3 Rg6 45. Ng3 Rxg3+ 46. Kxg3 g1=Q+ 47. Rxg1 Bxg1 48. Kf3 Bc5 49. Ke4 Bb4 50. Kd5 Kf6 51. Kc4 Kg5 52. Kb5 Kf4 53. Bc4 Ke3 54. Bg8 Kd2 55. Bf7 Ke3 56. Be8 Kd2 57. Bc6 Ke3 58. Bb7 Kd2 59. Ba6 Ke3 60. Kb6 Kd2 61. Bb5 Ke3 62. Kc6 Kd2 63. Kd5 Ke3 64. Ke5 Kd2 65. Ke4 Kc3 66. Ke3 Kb3 67. Kd3 Kb2 68. Bc4 Ka3 69. Bb5 Kb3 70. Bc6 Ka3 71. Kc2 Bc5 72. Kc3 Bb4+ 73. Kc2 Bc5 74. Bb5 Bb4 75. Bd7 Bc5 76. Kc3 Bb4+ 77. Kc4 Kb2 78. Kb5 Kc3 1/2-1/2


[Site "https://www.chess.com"]

[Event "Titled Tuesday Blitz April 25 Early 2023"]
[White "Kohler, Aran"]
[Black "Shuvalov, Evgenij"]
[WhiteFideId "1002856"]
[BlackFideId "4187237"]
[WhiteElo "2303"]
[BlackElo "2080"]
[Result "0-1"]
[Round "03"]
[TimeControl "180+2"]
[Date "2023.04.25"]
[WhiteClock "0:00:03"]
[BlackClock "0:01:01"]

1. f3 e5 2. Nh3 d5 3. Nf2 Nf6 4. g3 Nc6 5. Bg2 Bd6 6. e3 O-O 7. d3 Re8 8. c3 a5 9. O-O b6 10. Nd2 Bb7 11. a4 Ne7 12. Kh1 Nf5 13. Re1 d4 14. cxd4 exd4 15. e4 Ne3 16. Qb3 Nd7 17. Rb1 Nc5 18. Qa2 Nc2 19. Re2 Nb4 20. Qa1 Nbxd3 21. Nxd3 Nxd3 22. Nc4 Bf8 23. Rd2 Nb4 24. b3 c5 25. Ba3 Nc6 26. Re1 Ne5 27. Nxe5 Rxe5 28. f4 Re8 29. Qb1 Qd7 30. e5 Bxg2+ 31. Kxg2 Qc6+ 32. Qe4 Qxe4+ 33. Rxe4 f6 34. e6 f5 35. Re1 Bd6 36. h3 Re7 37. Rde2 Rae8 38. Kf3 g6 39. g4 Kg7 40. Bc1 Kf6 41. g5+ Kg7 42. h4 Rc8 43. Bd2 Rc6 44. Bc1 Kf8 45. Bd2 Ke8 46. h5 Rg7 47. hxg6 hxg6 48. Rh1 Ke7 49. Rh8 Bc7 50. Rc8 Kd6 51. Rf8 Re7 52. Rf6 Kd5 53. Rxg6 Rcxe6 54. Rexe6 Rxe6 55. Rg7 Bd6 56. g6 c4 57. bxc4+ Kxc4 58. Rg8 Kd3 0-1


[Site "https://www.chess.com"]

[Event "Titled Tuesday Blitz April 25 Early 2023"]
[White "Kubatko, Ivan"]
[Black "Prieto Aranguren, Alain"]
[WhiteFideId "24111473"]
[BlackFideId "2268906"]
[WhiteElo "2285"]
[BlackElo "2209"]
[Result "1-0"]
[Round "03"]
[TimeControl "180+2"]
[Date "2023.04.25"]
[WhiteClock "0:00:07"]
[BlackClock "0:00:03"]

1. e4 c6 2. d4 d5 3. exd5 cxd5 4. c4 Nf6 5. Nc3 e6 6. Nf3 Bb4 7. cxd5 Nxd5 8. Bd2 Nc6 9. Bd3 O-O 10. O-O Nf6 11. Bg5 h6 12. Bh4 Be7 13. a3 Nd5 14. Bg3 b6 15. Re1 Nxc3 16. bxc3 Bb7 17. Bc2 Rc8 18. Qd3 g6 19. Rxe6 Bf6 20. Bh4 Ne5 21. dxe5 Qxd3 22. Bxd3 Bxh4 23. Rd6 Bxf3 24. gxf3 Rxc3 25. Be4 Be7 26. Rd7 Bc5 27. a4 a5 28. Bd5 Rc2 29. Rf1 h5 30. f4 h4 31. Kg2 Kg7 32. Kf3 Kh6 33. Kg4 Bxf2 34. Rxf7 Rxf7 35. Bxf7 Bc5 36. f5 gxf5+ 37. Kxf5 Rxh2 38. Ke6 Re2 39. Rf6+ Kg5 40. Rg6+ Kf4 41. Rf6+ Ke4 42. Bg6+ Kd4 43. Rf5 h3 44. Rh5 h2 45. Be8 Kc3 46. Bb5 Kb4 47. Bxe2 Kxa4 48. Bd1+ Kb4 49. Rxh2 a4 50. Rh4+ Kc3 51. Rxa4 b5 52. Ra8 b4 53. Kd5 Be3 54. e6 b3 55. Bxb3 Kxb3 56. e7 1-0


[Site "https://www.chess.com"]

[Event "Titled Tuesday Blitz April 25 Early 2023"]
[White "Akylbek2021"]
[Black "Ramirez, Maria Eugenia"]
[BlackFideId "3301680"]
[WhiteElo "2450"]
[BlackElo "1842"]
[Result "1-0"]
[Round "03"]
[TimeControl "180+2"]
[Date "2023.04.25"]
[WhiteClock "0:01:06"]
[BlackClock "0:00:03"]

1. e4 e5 2. Nf3 Nc6 3. Bc4 Nf6 4. d3 Be7 5. Bb3 O-O 6. c3 d5 7. Nbd2 dxe4 8. dxe4 Bg4 9. h3 Bh5 10. O-O a5 11. Re1 Nd7 12. Nf1 Nc5 13. Ng3 Qxd1 14. Bxd1 Bxf3 15. Bxf3 Nd3 16. Rd1 Rad8 17. Be2 Nxc1 18. Raxc1 g6 19. Nf1 Bc5 20. a3 Ne7 21. b4 Bb6 22. Bc4 Kg7 23. g3 axb4 24. cxb4 f5 25. exf5 Nxf5 26. Kg2 Nd4 27. Ne3 Ra8 28. Rd3 Ne2 29. Re1 Nd4 30. Nd5 Rae8 31. Nxb6 cxb6 32. f4 Nc6 33. Rd7+ Re7 34. Rxe7+ Nxe7 35. Rxe5 Nc6 36. Rd5 Ra8 37. Rd7+ Kh6 38. Rxb7 Rxa3 39. Bg8 g5 40. f5 Ra2+ 41. Kf3 Nd4+ 42. Ke4 Nc2 43. Rxh7# 1-0


[Site "https://www.chess.com"]

[Event "Titled Tuesday Blitz April 25 Early 2023"]
[White "Kuchava, Ana"]
[Black "Vivas Zamora, Fabian Ernesto"]
[WhiteFideId "13605348"]
[BlackFideId "3902480"]
[WhiteElo "2001"]
[BlackElo "2262"]
[Result "0-1"]
[Round "03"]
[TimeControl "180+2"]
[Date "2023.04.25"]
[WhiteClock "0:00:01"]
[BlackClock "0:00:04"]

1. d4 Nf6 2. Nf3 g6 3. c4 Bg7 4. Nc3 d5 5. Bg5 Ne4 6. Bf4 Nxc3 7. bxc3 c5 8. e3 O-O 9. cxd5 Qxd5 10. Be2 cxd4 11. cxd4 Nc6 12. O-O Bf5 13. Qa4 Qa5 14. Qb3 Qb4 15. Rfc1 Rac8 16. Bc4 Qxb3 17. axb3 Nb4 18. h3 a6 19. Nd2 b5 20. Be2 Nc2 21. Rxa6 Nxd4 22. Re1 Nxe2+ 23. Rxe2 Rc1+ 24. Nf1 Bd3 25. Rd2 Bxf1 26. Kh2 b4 27. Ra7 Bc3 28. Rdd7 Bf6 29. Rab7 Ba6 30. Rxb4 Bc8 31. Rc7 Be6 32. Rbb7 Rxc7 33. Rxc7 Bxb3 34. Bh6 Rd8 35. Bf4 Kg7 36. Bg3 h5 37. h4 Be6 38. Rb7 Ra8 39. e4 Ra5 40. Rc7 Be5 41. Bxe5+ Rxe5 42. f3 Ra5 43. Rxe7 Kf6 44. Rc7 Ra2 45. Kg3 Kg7 46. Rb7 Bc4 47. Rc7 Bf1 48. Kf4 Bxg2 49. e5 Ra3 50. e6 Rxf3+ 0-1


[Site "https://www.chess.com"]

[Event "Titled Tuesday Blitz April 25 Early 2023"]
[White "Bas Mas, Jose Joaquin"]
[Black "mjelcic"]
[WhiteFideId "22219064"]
[WhiteElo "2233"]
[BlackElo "2206"]
[Result "0-1"]
[Round "03"]
[TimeControl "180+2"]
[Date "2023.04.25"]
[WhiteClock "0:00:05"]
[BlackClock "0:00:03"]

1. e4 g6 2. d4 Bg7 3. Nc3 a6 4. f4 d6 5. Nf3 b5 6. a3 Bb7 7. Be3 Nd7 8. Bd3 c5 9. e5 cxd4 10. Bxd4 dxe5 11. fxe5 Bxf3 12. Qxf3 Nxe5 13. Bxe5 Bxe5 14. O-O-O Qb8 15. Qc6+ Kf8 16. Ne4 Nf6 17. Rhf1 Kg7 18. Qc5 Qc7 19. Qf2 Rab8 20. g4 h6 21. h4 Rhf8 22. Nxf6 exf6 23. Kb1 b4 24. a4 b3 25. c3 Qc6 26. Rde1 Qxa4 27. Rxe5 fxe5 28. Qf6+ Kh7 29. h5 Qxg4 30. Qxe5 Rbd8 31. hxg6+ fxg6 32. Qc7+ Kh8 33. Bc4 Qe4+ 34. Ka1 Qe8 35. Rh1 h5 36. Qg3 Qa4+ 37. Kb1 Qa2+ 38. Kc1 Qa1# 0-1


[Site "https://www.chess.com"]

[Event "Titled Tuesday Blitz April 25 Early 2023"]
[White "Semenova, Alina"]
[Black "Lach, Aleksandra"]
[WhiteFideId "24113875"]
[BlackFideId "1134299"]
[WhiteElo "1833"]
[BlackElo "2111"]
[Result "0-1"]
[Round "03"]
[TimeControl "180+2"]
[Date "2023.04.25"]
[WhiteClock "0:00:01"]
[BlackClock "0:00:11"]

1. e4 c5 2. Nf3 a6 3. d4 cxd4 4. Nxd4 Nf6 5. Nc3 e5 6. Nb3 Bb4 7. f3 d5 8. exd5 Bxc3+ 9. bxc3 Qxd5 10. Qxd5 Nxd5 11. Bd2 Bf5 12. Bd3 Bxd3 13. cxd3 O-O 14. O-O Rd8 15. d4 Nc6 16. Rad1 Nb6 17. Bc1 Nc4 18. Rfe1 f6 19. Kf2 b5 20. d5 Ne7 21. d6 Nxd6 22. Ba3 Nef5 23. g4 Nc4 24. Bc5 Nfd6 25. Rd5 Nb7 26. Red1 Rxd5 27. Rxd5 Rd8 28. Rxd8+ Nxd8 29. Ke2 Kf7 30. Kd3 Ke6 31. Be3 Nb7 32. Bf2 Kd5 33. h4 g6 34. h5 f5 35. hxg6 hxg6 36. gxf5 gxf5 37. Nc1 Nbd6 38. Ke2 Nb2 39. Nb3 Na4 40. Nc1 Nxc3+ 41. Kd3 Na4 42. Kc2 Nc4 43. Ne2 Nc5 44. Nc3+ Kc6 45. Ne2 Ne6 46. Kc3 a5 47. a4 Nd6 0-1


[Site "https://www.chess.com"]

[Event "Titled Tuesday Blitz April 25 Early 2023"]
[White "Psakhis, Lev"]
[Black "Liu, Xiangyi"]
[WhiteFideId "2800012"]
[BlackFideId "8605718"]
[WhiteElo "2156"]
[BlackElo "2323"]
[Result "0-1"]
[Round "03"]
[TimeControl "180+2"]
[Date "2023.04.25"]
[WhiteClock "0:00:13"]
[BlackClock "0:00:12"]

1. c4 Nf6 2. Nc3 d5 3. cxd5 Nxd5 4. g3 c5 5. Bg2 Nb6 6. d3 Nc6 7. Nf3 g6 8. O-O Bg7 9. Be3 c4 10. d4 O-O 11. Qd2 Nb4 12. Bh6 N4d5 13. Bxg7 Kxg7 14. e4 Nxc3 15. Qxc3 f6 16. d5 e5 17. Nd2 Bg4 18. h3 Bd7 19. Rfc1 Rc8 20. Qb4 Qc7 21. Bf1 Qc5 22. Qxc5 Rxc5 23. Nxc4 Nxc4 24. Rxc4 Rxc4 25. Bxc4 Bxh3 26. Be2 Rc8 27. Bd3 Kf7 28. f3 Bd7 29. Kf2 h5 30. Ke3 Ke7 31. Rh1 Kd6 32. Kd2 Rh8 33. Ke3 g5 34. Bf1 h4 35. gxh4 Rxh4 36. Rxh4 gxh4 37. Kf2 Kc5 38. Kg2 Kd4 39. Kh2 Ke3 40. Bh3 Bb5 41. d6 Kxf3 42. d7 Bxd7 43. Bxd7 Kxe4 44. Kh3 Kd3 45. Kxh4 e4 46. Kg4 a6 47. Kf4 e3 48. Kf3 e2 0-1


[Site "https://www.chess.com"]

[Event "Titled Tuesday Blitz April 25 Early 2023"]
[White "Maevsky, Nikolay"]
[Black "Sovetbekova, Nurai"]
[WhiteFideId "4198220"]
[BlackFideId "13801910"]
[WhiteElo "2021"]
[BlackElo "1857"]
[Result "1-0"]
[Round "03"]
[TimeControl "180+2"]
[Date "2023.04.25"]
[WhiteClock "0:01:34"]
[BlackClock "0:00:11"]

1. d4 Nf6 2. c4 g6 3. Nc3 d5 4. cxd5 Nxd5 5. e4 Nxc3 6. bxc3 Bg7 7. Bg5 c5 8. Rc1 Qa5 9. Qd2 cxd4 10. cxd4 Qxd2+ 11. Kxd2 Nc6 12. d5 Ne5 13. f4 Nd7 14. Nf3 h6 15. Bh4 Nf6 16. Bxf6 Bxf6 17. e5 Bg7 18. Bb5+ Bd7 19. a4 a6 20. Bxd7+ Kxd7 21. Ke3 Rhc8 22. a5 f6 23. g4 fxe5 24. fxe5 e6 25. Ke4 exd5+ 26. Kxd5 Ke7 27. Nd4 Rd8+ 28. Ke4 Rd7 29. Rc4 Rad8 30. Rb1 Rf8 31. Rb6 Rf1 32. Rxg6 Re1+ 33. Kf3 Bxe5 34. Nf5+ Kf7 35. Rxh6 Rf1+ 36. Kg2 Ra1 37. Rh7+ Ke8 38. Rc8+ Rd8 39. Re7+ Kf8 40. Rxd8# 1-0


[Site "https://www.chess.com"]

[Event "Titled Tuesday Blitz April 25 Early 2023"]
[White "Kvaloy, Aksel Bu"]
[Black "Derichs, Roger"]
[WhiteFideId "1528815"]
[BlackFideId "4630076"]
[WhiteElo "2208"]
[BlackElo "2334"]
[Result "1-0"]
[Round "03"]
[TimeControl "180+2"]
[Date "2023.04.25"]
[WhiteClock "0:01:41"]
[BlackClock "0:00:29"]

1. e4 e6 2. d4 d5 3. Nc3 Bb4 4. Bd2 dxe4 5. Qg4 Qxd4 6. Nf3 Qf6 7. Nd5 Bxd2+ 8. Nxd2 exd5 9. Qxc8+ Qd8 10. Qxb7 Nd7 11. Qxd5 Ngf6 12. Qd4 O-O 13. O-O-O c5 14. Qe3 Qa5 15. Kb1 Rab8 16. Bc4 Nb6 17. Bb3 Qb5 18. c4 Qc6 19. Rhe1 Rfe8 20. Bc2 h6 21. Nxe4 Nxe4 22. Bxe4 Nxc4 23. Bxc6 Nxe3 24. fxe3 1-0


[Site "https://www.chess.com"]

[Event "Titled Tuesday Blitz April 25 Early 2023"]
[White "mohsengabr2002"]
[Black "Alinasab, Mobina"]
[BlackFideId "12528897"]
[WhiteElo "2334"]
[BlackElo "2149"]
[Result "0-1"]
[Round "03"]
[TimeControl "180+2"]
[Date "2023.04.25"]
[WhiteClock "0:01:50"]
[BlackClock "0:01:47"]

1. g3 e5 2. f3 d6 3. e3 g6 4. d3 Bg7 5. c3 Ne7 6. Nh3 O-O 7. Nf2 f5 8. f4 b6 9. Bg2 Nbc6 10. a4 Bb7 11. O-O Qd7 12. Na3 Na5 13. e4 exf4 14. Bxf4 fxe4 15. Nxe4 Nd5 16. Nf2 Nxf4 17. Bxb7 Nxb7 18. gxf4 Rxf4 19. Qb3+ Kh8 20. Ne4 Qg4+ 21. Kh1 Raf8 22. Rxf4 Rxf4 23. Qd5 Qf3+ 24. Kg1 Rg4+ 25. Ng3 Qxd5 0-1


[Site "https://www.chess.com"]

[Event "Titled Tuesday Blitz April 25 Early 2023"]
[White "Shimelkov, Vasiliy"]
[Black "Fuzesabonyilaci"]
[WhiteFideId "13701630"]
[WhiteElo "2073"]
[BlackElo "2332"]
[Result "1-0"]
[Round "03"]
[TimeControl "180+2"]
[Date "2023.04.25"]
[WhiteClock "0:00:20"]
[BlackClock "0:00:09"]

1. d4 Nf6 2. Nf3 e6 3. c4 d5 4. Nc3 dxc4 5. e3 a6 6. a4 c5 7. Bxc4 Nc6 8. O-O Be7 9. Re1 O-O 10. b3 b6 11. Bb2 Bb7 12. Rc1 cxd4 13. exd4 Nb4 14. Ne5 Rc8 15. Qe2 Nfd5 16. Nxd5 Bxd5 17. Rc3 a5 18. Rh3 h6 19. Rg3 Bd6 20. Qg4 Qg5 21. Qe2 Qe7 22. Bc1 Bxe5 23. dxe5 Bxc4 24. bxc4 f5 25. Bxh6 Rf7 26. Bg5 Qc7 27. Rh3 g6 28. Bf6 Rh7 29. Rxh7 Kxh7 30. Qe3 1-0


[Site "https://www.chess.com"]

[Event "Titled Tuesday Blitz April 25 Early 2023"]
[White "crosky"]
[Black "Bilan, Danila"]
[BlackFideId "24161918"]
[WhiteElo "2332"]
[BlackElo "2182"]
[Result "0-1"]
[Round "03"]
[TimeControl "180+2"]
[Date "2023.04.25"]
[WhiteClock "0:00:03"]
[BlackClock "0:00:07"]

1. c4 c6 2. Nf3 d5 3. e3 Nf6 4. Nc3 e6 5. d4 Nbd7 6. Qc2 Bd6 7. g4 dxc4 8. Bxc4 Nd5 9. Bd2 b5 10. Ne4 Be7 11. Be2 Bb7 12. Rg1 O-O 13. g5 Qb6 14. Ne5 Rfd8 15. Bh5 Nxe5 16. dxe5 g6 17. Nf6+ Kg7 18. Rg3 Qc7 19. f4 Bb4 20. O-O-O Bxd2+ 21. Rxd2 Nb4 22. Qd1 Nxa2+ 23. Kb1 Rxd2 24. Qxd2 Rd8 25. Qe1 c5 26. Kxa2 c4 27. Bf3 Bxf3 28. Rxf3 h5 29. gxh6+ Kh8 30. Rf2 Qb6 31. Kb1 b4 32. Rd2 Rb8 33. Nd7 Qa5 34. Nxb8 b3 0-1


[Site "https://www.chess.com"]

[Event "Titled Tuesday Blitz April 25 Early 2023"]
[White "Salman, Pavel"]
[Black "Pavlidis, Anastasios"]
[WhiteFideId "24153753"]
[BlackFideId "4208404"]
[WhiteElo "2187"]
[BlackElo "2210"]
[Result "1/2-1/2"]
[Round "03"]
[TimeControl "180+2"]
[Date "2023.04.25"]
[WhiteClock "0:02:13"]
[BlackClock "0:02:23"]

1. d4 d5 2. Nc3 Nf6 3. Bf4 e6 4. Nb5 Bd6 5. Nxd6+ cxd6 6. e3 Nc6 7. Bd3 e5 8. dxe5 dxe5 9. Bg5 h6 10. Bxf6 Qxf6 11. c3 O-O 12. Qa4 Bd7 13. Qa3 d4 14. cxd4 exd4 15. e4 Ne5 16. Ne2 Ng4 17. O-O Qh4 18. h3 Ne5 19. f4 Nxd3 20. Qxd3 Rad8 21. Nxd4 Bxh3 22. gxh3 Rxd4 23. Qxd4 Qg3+ 24. Kh1 Qxh3+ 25. Kg1 Qg3+ 26. Kh1 Qh3+ 27. Kg1 Qg3+ 28. Kh1 Qh3+ 1/2-1/2


[Site "https://www.chess.com"]

[Event "Titled Tuesday Blitz April 25 Early 2023"]
[White "TigranHH"]
[Black "Belov, Alexei"]
[BlackFideId "4128206"]
[WhiteElo "2319"]
[BlackElo "2500"]
[Result "1/2-1/2"]
[Round "03"]
[TimeControl "180+2"]
[Date "2023.04.25"]
[WhiteClock "0:00:14"]
[BlackClock "0:00:10"]

1. d4 e6 2. c4 d5 3. Nc3 Be7 4. Nf3 Nf6 5. Bf4 O-O 6. e3 Nbd7 7. cxd5 exd5 8. Bd3 c6 9. h3 Re8 10. O-O Nf8 11. Qc2 Ng6 12. Bh2 Bd6 13. Rab1 Bxh2+ 14. Kxh2 a5 15. Na4 Ne4 16. Kg1 Qf6 17. Bxe4 dxe4 18. Nd2 Nh4 19. Kh2 Bf5 20. Nb6 Rad8 21. Nbc4 Qh6 22. Rg1 Rd5 23. g4 Bg6 24. Rg3 Nf3+ 25. Kg2 Qh4 26. Ne5 Nxe5 27. dxe5 Rexe5 28. Nc4 Re8 29. Rd1 Qd8 30. Rxd5 cxd5 31. h4 dxc4 32. h5 Qd3 33. Qa4 Rd8 34. hxg6 hxg6 35. Qxa5 f6 36. g5 f5 37. Rh3 Qd5 38. Qc7 Qd1 39. Qxc4+ Kf8 40. Qc5+ Kf7 41. Qc4+ Rd5 42. Qc7+ Rd7 43. Qc4+ Rd5 44. Qc7+ Rd7 45. Qc4+ Rd5 1/2-1/2


[Site "https://www.chess.com"]

[Event "Titled Tuesday Blitz April 25 Early 2023"]
[White "Inepton_Fermion"]
[Black "Ordekalog"]
[WhiteElo "2317"]
[BlackElo "2500"]
[Result "1-0"]
[Round "03"]
[TimeControl "180+2"]
[Date "2023.04.25"]
[WhiteClock "0:00:17"]
[BlackClock "0:00:59"]

1. e4 c5 2. Nf3 Nc6 3. d4 cxd4 4. Nxd4 Qb6 5. Nb3 Nf6 6. Bd3 e6 7. Be3 Qc7 8. O-O Be7 9. Nc3 d6 10. f4 a6 11. Qe1 O-O 12. Qg3 b5 13. a4 b4 14. Ne2 e5 15. f5 Rd8 16. c3 Rb8 17. c4 Na5 18. Nxa5 Qxa5 19. b3 Bb7 20. Qf3 Nd7 21. g4 Nc5 22. Bc2 h6 23. Rad1 Rdc8 24. Ng3 Bh4 25. Nh5 Qd8 26. f6 g5 27. Ng3 Ne6 28. Nf5 Qxf6 29. Nxh4 Qxf3 30. Nxf3 Rd8 31. Rd2 Kf8 32. Rfd1 Ke7 33. Kg2 Bc6 34. Ng1 h5 35. Ne2 hxg4 36. Ng3 Nf4+ 37. Kh1 Ke6 38. Nf5 d5 39. cxd5+ Nxd5 40. exd5+ Rxd5 41. Rxd5 Bxd5+ 42. Kg1 Rc8 43. Bb1 e4 44. Rxd5 Rc3 45. Bxe4 Rxb3 46. Nd4+ 1-0


[Site "https://www.chess.com"]